[ AOE2 MATCH · #464897687 ]
UnrankedLithuanians vs Khmer
[ REPLAY ANALYSIS · EXTRACTED FROM THE RECORDED GAME ]
Feudal
10:08
Castle
—
Imperial
—
| APM avg | 33.2 |
| APM peak | 58 |
| eAPM avg | 19.4 |
| Villagers / military | 40 / 8 |
Focus
⚔️ 15.9% · 🌾 84.1%
Scout Cavalry ×7 · Militia ×1
Feudal
11:25
Castle
14:07
Imperial
—
| APM avg | 46.7 |
| APM peak | 78 |
| eAPM avg | 15.5 |
| Villagers / military | 49 / 1 |
Focus
⚔️ 19.0% · 🌾 81.0%
Scout Cavalry ×1
Feudal
12:27
Castle
—
Imperial
—
| APM avg | 42.6 |
| APM peak | 69 |
| eAPM avg | 23.2 |
| Villagers / military | 43 / 15 |
Focus
⚔️ 16.7% · 🌾 83.3%
Archer ×15
Feudal
15:26
Castle
—
Imperial
—
| APM avg | 42.7 |
| APM peak | 78 |
| eAPM avg | 22.7 |
| Villagers / military | 52 / 0 |
Focus
⚔️ 22.4% · 🌾 77.6%
Feudal
—
Castle
—
Imperial
—
| APM avg | 59.8 |
| APM peak | 122 |
| eAPM avg | 24.9 |
| Villagers / military | 47 / 5 |
Focus
⚔️ 34.4% · 🌾 65.6%
Hussite Wagon ×3 · Petard ×2
Feudal
15:58
Castle
—
Imperial
—
| APM avg | 39.0 |
| APM peak | 81 |
| eAPM avg | 25.6 |
| Villagers / military | 49 / 4 |
Focus
⚔️ 19.4% · 🌾 80.6%
Archer ×4
Feudal
—
Castle
—
Imperial
—
| APM avg | 23.1 |
| APM peak | 38 |
| eAPM avg | 14.4 |
| Villagers / military | 45 / 0 |
Focus
⚔️ 25.2% · 🌾 74.8%
Feudal
11:17
Castle
16:49
Imperial
—
| APM avg | 26.0 |
| APM peak | 92 |
| eAPM avg | 13.1 |
| Villagers / military | 42 / 9 |
Focus
⚔️ 13.7% · 🌾 86.3%
Camel Scout ×8 · Scout Cavalry ×1
Match map
Initial resources + every placement click. Lines = walls · curves = elevation contours. ◆ gold · ⬟ stone · ● berries · ✦ relic · ◌ wall gap
Inputs per minute
— Vatatzes - - Estómago
Build order — Vatatzes
94 actions detected in the replay
| 0:01 | Create | Villager (Male) ×5 |
| 0:01 | Create | Villager (Male) |
| 0:03 | Build | House |
| 0:05 | Build | House |
| 1:31 | Create | Villager (Male) |
| 1:38 | Create | Villager (Male) |
| 2:11 | Build | Lumber Camp |
| 2:22 | Create | Villager (Male) |
| 2:48 | Create | Villager (Male) |
| 2:49 | Create | Villager (Male) |
| 3:12 | Create | Villager (Male) |
| 3:15 | Build | House |
| 3:34 | Create | Villager (Male) |
| 3:34 | Create | Villager (Male) |
| 4:23 | Create | Villager (Male) |
| 4:24 | Create | Villager (Male) |
| 4:24 | Create | Villager (Male) |
| 5:13 | Build | Mill |
| 5:14 | Build | House |
| 5:47 | Create | Villager (Male) |
| 6:22 | Build | Mill |
| 6:29 | Create | Villager (Male) |
| 6:36 | Research | Loom |
| 7:25 | Create | Villager (Male) |
| 7:58 | Research | Feudal Age |
| 9:07 | Build | House |
| 9:26 | Build | Barracks |
| 9:28 | Create | Villager (Male) |
| 9:28 | Create | Villager (Male) |
| 10:08 | Age | Feudal Age |
| 10:44 | Research | Town Watch |
| 10:44 | Create | Villager (Male) |
| 11:06 | Create | Militia |
| 11:08 | Build | Stable |
| 11:11 | Create | Villager (Male) |
| 11:19 | Research | Double-Bit Axe |
| 11:19 | Research | Double-Bit Axe |
| 11:34 | Create | Villager (Male) |
| 11:38 | Build | House |
| 12:00 | Create | Scout Cavalry |
| 12:00 | Create | Scout Cavalry |
| 12:00 | Create | Scout Cavalry |
| 12:05 | Create | Villager (Male) |
| 12:22 | Research | Horse Collar |
| 12:25 | Build | House |
| 12:31 | Build | Farm |
| 12:32 | Build | Farm |
| 12:33 | Build | Farm |
| 12:34 | Build | Farm |
| 12:48 | Create | Scout Cavalry |
| 12:49 | Create | Villager (Male) |
| 12:53 | Build | Mining Camp |
| 12:59 | Create | Scout Cavalry |
| 13:00 | Create | Villager (Male) |
| 13:01 | Create | Villager (Male) |
| 13:03 | Build | Farm |
| 13:20 | Build | Farm |
| 13:31 | Build | Farm |
| 13:35 | Create | Villager (Male) |
| 13:49 | Create | Villager (Male) |
| 14:35 | Build | House |
| 14:37 | Build | Blacksmith |
| 14:56 | Create | Villager (Male) |
| 14:57 | Create | Scout Cavalry |
| 14:58 | Create | Scout Cavalry |
| 15:04 | Build | Farm |
| 15:07 | Build | Farm |
| 15:07 | Build | Farm |
| 15:08 | Build | Farm |
| 15:09 | Build | Farm |
| 15:31 | Create | Villager (Male) |
| 15:53 | Create | Villager (Male) |
| 16:08 | Create | Villager (Male) |
| 16:11 | Build | House |
| 16:12 | Build | House |
| 16:21 | Build | Farm |
| 16:22 | Build | Farm |
| 16:24 | Build | Farm |
| 16:25 | Build | Farm |
| 16:28 | Research | Wheelbarrow |
| 17:03 | Create | Villager (Male) |
| 17:23 | Build | Farm |
| 17:25 | Build | Farm |
| 17:26 | Build | Farm |
| 17:27 | Build | Farm |
| 17:33 | Build | Farm |
| 17:34 | Build | Farm |
| 17:35 | Build | Farm |
| 17:40 | Create | Villager (Male) |
| 18:15 | Build | Lumber Camp |
| 18:35 | Create | Villager (Male) |
| 19:32 | Research | Castle Age |
| 19:34 | Create | Villager (Male) |
| 20:15 | Create | Villager (Male) |
Build order — Estómago
92 actions detected in the replay
| 0:01 | Create | Villager (Male) |
| 0:01 | Create | Villager (Male) |
| 0:02 | Build | House |
| 0:04 | Build | House |
| 0:21 | Create | Villager (Male) |
| 0:21 | Create | Villager (Male) |
| 1:23 | Create | Villager (Male) |
| 2:01 | Create | Villager (Male) |
| 2:04 | Build | Lumber Camp |
| 2:32 | Create | Villager (Male) |
| 2:32 | Create | Villager (Male) |
| 2:44 | Build | House |
| 2:52 | Create | Villager (Male) |
| 3:17 | Create | Villager (Male) |
| 3:45 | Create | Villager (Male) |
| 3:46 | Create | Villager (Male) |
| 3:46 | Create | Villager (Male) |
| 4:17 | Create | Villager (Male) |
| 4:29 | Build | Mill |
| 4:46 | Create | Villager (Male) |
| 4:59 | Create | Villager (Male) |
| 5:33 | Build | House |
| 5:48 | Create | Villager (Male) |
| 5:48 | Create | Villager (Male) |
| 6:00 | Create | Villager (Male) |
| 6:24 | Create | Villager (Male) ×2 |
| 6:42 | Build | House |
| 8:11 | Create | Villager (Male) |
| 8:11 | Create | Villager (Male) |
| 8:33 | Build | Mining Camp |
| 9:15 | Research | Feudal Age |
| 9:32 | Build | Farm |
| 9:35 | Build | Farm |
| 9:37 | Build | Farm |
| 11:25 | Age | Feudal Age |
| 11:27 | Research | Castle Age |
| 11:38 | Research | Double-Bit Axe |
| 11:43 | Research | Horse Collar |
| 13:19 | Build | Farm |
| 13:22 | Build | Farm |
| 13:29 | Build | House |
| 13:30 | Build | Farm |
| 14:07 | Age | Castle Age |
| 14:14 | Build | Town Center |
| 14:38 | Build | Town Center |
| 14:58 | Create | Villager (Male) |
| 14:59 | Create | Villager (Male) |
| 15:05 | Create | Villager (Male) |
| 15:05 | Create | Villager (Male) |
| 15:10 | Create | Villager (Male) |
| 15:31 | Create | Villager (Male) ×5 |
| 15:35 | Research | Bow Saw |
| 16:01 | Research | Heavy Plow |
| 16:23 | Create | Villager (Male) ×2 |
| 17:00 | Create | Villager (Male) |
| 17:06 | Build | Farm |
| 17:06 | Build | Farm |
| 17:06 | Build | Farm |
| 17:07 | Build | Farm |
| 17:07 | Build | Farm |
| 17:10 | Create | Villager (Male) |
| 17:26 | Build | Farm |
| 17:26 | Build | Farm |
| 17:27 | Build | Farm |
| 17:27 | Build | Farm |
| 17:42 | Create | Villager (Male) |
| 17:45 | Build | Stable |
| 17:50 | Create | Villager (Male) |
| 18:01 | Build | Building 804 |
| 18:02 | Create | Villager (Male) |
| 18:02 | Create | Villager (Male) |
| 18:09 | Create | Villager (Male) |
| 18:12 | Build | Mining Camp |
| 18:19 | Create | Villager (Male) |
| 18:23 | Research | Loom |
| 18:44 | Create | Villager (Male) |
| 19:13 | Create | Villager (Male) |
| 19:13 | Create | Villager (Male) |
| 19:14 | Create | Scout Cavalry |
| 19:17 | Build | House |
| 19:22 | Research | Wheelbarrow |
| 19:25 | Build | House |
| 19:27 | Build | House |
| 19:45 | Create | Villager (Male) |
| 19:53 | Build | Farm |
| 19:53 | Build | Farm |
| 19:53 | Build | Farm |
| 19:53 | Build | Farm |
| 19:54 | Build | Farm |
| 19:54 | Build | Farm |
| 20:17 | Create | Villager (Male) |
| 20:32 | Create | Villager (Male) |
Build order — WraTH_27
116 actions detected in the replay
| 0:01 | Create | Villager (Male) |
| 0:01 | Create | Villager (Male) |
| 0:03 | Build | House |
| 0:04 | Build | House |
| 0:10 | Create | Villager (Male) |
| 0:11 | Create | Villager (Male) |
| 0:26 | Research | Loom |
| 0:37 | Create | Villager (Male) |
| 0:38 | Create | Villager (Male) |
| 1:00 | Build | Palisade Wall |
| 1:59 | Create | Villager (Male) |
| 2:39 | Create | Villager (Male) |
| 3:10 | Build | Palisade Wall |
| 3:23 | Create | Villager (Male) |
| 3:24 | Create | Villager (Male) |
| 4:11 | Create | Villager (Male) |
| 4:37 | Create | Villager (Male) |
| 5:04 | Create | Villager (Male) |
| 5:43 | Create | Villager (Male) |
| 5:43 | Create | Villager (Male) |
| 5:51 | Build | House |
| 5:59 | Build | Lumber Camp |
| 6:02 | Create | Villager (Male) |
| 6:20 | Create | Villager (Male) |
| 6:48 | Create | Villager (Male) |
| 7:11 | Create | Villager (Male) |
| 7:33 | Create | Villager (Male) |
| 7:59 | Build | Mill |
| 8:11 | Build | Palisade Wall |
| 8:14 | Create | Villager (Male) |
| 8:14 | Create | Villager (Male) |
| 8:22 | Create | Villager (Male) |
| 8:34 | Create | Villager (Male) |
| 8:40 | Build | House |
| 8:56 | Create | Villager (Male) |
| 9:03 | Build | House |
| 9:07 | Build | Palisade Wall |
| 9:14 | Create | Villager (Male) |
| 9:49 | Create | Villager (Male) |
| 10:01 | Build | Palisade Wall |
| 10:28 | Build | Mill |
| 10:37 | Build | Palisade Wall |
| 10:39 | Build | Palisade Wall |
| 10:59 | Research | Feudal Age |
| 11:00 | Research | Feudal Age |
| 11:19 | Build | Mining Camp |
| 11:25 | Build | House |
| 11:33 | Build | Palisade Wall |
| 11:35 | Build | Palisade Wall |
| 12:26 | Create | Villager (Male) |
| 12:27 | Age | Feudal Age |
| 12:29 | Build | Barracks |
| 12:38 | Build | Outpost |
| 13:00 | Create | Villager (Male) |
| 13:00 | Create | Villager (Male) |
| 13:13 | Build | Archery Range |
| 13:19 | Build | House |
| 13:21 | Create | Villager (Male) |
| 13:46 | Build | Archery Range |
| 13:58 | Create | Archer |
| 14:00 | Create | Villager (Male) |
| 14:23 | Create | Archer |
| 14:26 | Build | Blacksmith |
| 14:32 | Build | House |
| 14:37 | Create | Archer |
| 14:50 | Create | Archer |
| 14:52 | Create | Villager (Male) |
| 15:05 | Create | Archer |
| 15:11 | Create | Villager (Male) |
| 15:17 | Create | Archer |
| 15:41 | Research | Fletching |
| 15:42 | Research | Fletching |
| 15:43 | Build | House |
| 16:05 | Create | Archer |
| 16:08 | Build | House |
| 16:14 | Build | Palisade Wall |
| 16:15 | Build | Palisade Wall |
| 16:24 | Build | Palisade Wall |
| 16:28 | Build | Outpost |
| 16:30 | Research | Town Watch |
| 16:33 | Create | Archer |
| 16:33 | Create | Archer |
| 16:38 | Create | Villager (Male) |
| 16:44 | Build | Stone Wall |
| 16:50 | Build | Farm |
| 16:50 | Build | Farm |
| 16:51 | Create | Villager (Male) |
| 17:00 | Create | Archer |
| 17:04 | Build | Building 487 |
| 17:19 | Create | Archer |
| 17:28 | Build | Farm |
| 17:29 | Create | Villager (Male) |
| 17:39 | Create | Archer |
| 17:47 | Create | Villager (Male) |
| 17:49 | Build | Farm |
| 18:03 | Build | House |
| 18:07 | Create | Villager (Male) |
| 18:19 | Create | Archer |
| 18:37 | Create | Villager (Male) |
| 18:38 | Build | Farm |
| 18:39 | Build | Farm |
| 18:42 | Build | Market |
| 18:59 | Create | Villager (Male) |
| 19:02 | Build | Farm |
| 19:08 | Build | Archery Range |
| 19:09 | Create | Archer |
| 19:15 | Create | Archer |
| 19:28 | Build | Farm |
| 20:06 | Create | Villager (Male) |
| 20:08 | Build | Farm |
| 20:10 | Build | House |
| 20:17 | Build | House |
| 20:48 | Create | Villager (Male) |
| 20:49 | Build | Farm |
| 20:54 | Build | House |
| 21:00 | Build | Lumber Camp |
Build order — LDESS | César
75 actions detected in the replay
| 0:00 | Create | Villager (Male) ×4 |
| 0:02 | Build | House |
| 0:03 | Build | House |
| 0:17 | Research | Loom |
| 0:22 | Create | Villager (Male) |
| 0:23 | Create | Villager (Male) |
| 1:00 | Create | Villager (Male) |
| 1:21 | Build | Palisade Wall |
| 2:02 | Create | Villager (Male) |
| 3:06 | Build | House |
| 3:10 | Create | Villager (Male) |
| 3:11 | Create | Villager (Male) |
| 3:15 | Build | House |
| 3:59 | Build | House |
| 4:39 | Create | Villager (Male) |
| 4:39 | Create | Villager (Male) |
| 5:11 | Create | Villager (Male) |
| 5:11 | Create | Villager (Male) |
| 5:38 | Create | Villager (Male) |
| 6:11 | Create | Villager (Male) |
| 6:11 | Create | Villager (Male) |
| 6:30 | Create | Villager (Male) |
| 6:30 | Create | Villager (Male) |
| 6:50 | Create | Villager (Male) |
| 6:50 | Create | Villager (Male) |
| 7:20 | Build | Palisade Wall |
| 7:25 | Create | Villager (Male) |
| 7:25 | Create | Villager (Male) |
| 7:26 | Create | Villager (Male) |
| 7:37 | Create | Villager (Male) |
| 7:54 | Build | House |
| 8:03 | Create | Villager (Male) |
| 8:41 | Create | Villager (Male) |
| 8:41 | Create | Villager (Male) |
| 9:19 | Create | Villager (Male) |
| 9:20 | Create | Villager (Male) |
| 9:38 | Build | House |
| 9:57 | Create | Villager (Male) |
| 9:57 | Create | Villager (Male) |
| 10:09 | Build | Lumber Camp |
| 10:20 | Create | Villager (Male) |
| 10:20 | Create | Villager (Male) |
| 10:21 | Create | Villager (Male) |
| 10:36 | Create | Villager (Male) |
| 10:45 | Create | Villager (Male) |
| 11:32 | Create | Villager (Male) |
| 11:49 | Create | Villager (Male) |
| 12:04 | Create | Villager (Male) |
| 12:10 | Build | Mill |
| 12:40 | Create | Villager (Male) |
| 13:06 | Research | Feudal Age |
| 13:06 | Research | Feudal Age |
| 13:20 | Build | Mining Camp |
| 13:28 | Build | House |
| 13:43 | Build | Palisade Wall |
| 13:54 | Create | Villager (Male) |
| 14:04 | Create | Villager (Male) |
| 14:50 | Create | Villager (Male) |
| 15:02 | Create | Villager (Male) |
| 15:10 | Build | Palisade Wall |
| 15:18 | Create | Villager (Male) |
| 15:26 | Age | Feudal Age |
| 15:38 | Build | Stone Wall |
| 15:40 | Build | Stone Wall |
| 15:41 | Create | Villager (Male) |
| 15:52 | Create | Villager (Male) |
| 15:58 | Create | Villager (Male) |
| 16:46 | Build | Watch Tower |
| 17:27 | Create | Villager (Male) |
| 17:34 | Build | Market |
| 17:36 | Build | Blacksmith |
| 17:48 | Build | Stone Wall |
| 17:49 | Create | Villager (Male) |
| 18:25 | Create | Villager (Male) |
| 18:33 | Research | Castle Age |
Build order — CoterLee
111 actions detected in the replay
| 0:01 | Create | Villager (Male) |
| 0:02 | Build | House |
| 0:03 | Create | Villager (Male) |
| 0:04 | Build | House |
| 0:17 | Create | Villager (Male) |
| 0:18 | Create | Villager (Male) |
| 1:29 | Create | Villager (Male) |
| 2:15 | Create | Villager (Male) |
| 2:16 | Create | Villager (Male) |
| 2:16 | Create | Villager (Male) |
| 2:49 | Create | Villager (Male) |
| 2:55 | Build | Lumber Camp |
| 3:15 | Create | Villager (Male) |
| 3:53 | Create | Villager (Male) |
| 3:53 | Create | Villager (Male) |
| 3:55 | Build | House |
| 4:00 | Build | House |
| 4:02 | Build | House |
| 4:14 | Create | Villager (Male) |
| 4:14 | Create | Villager (Male) |
| 4:44 | Create | Villager (Male) |
| 5:00 | Build | House |
| 5:22 | Build | Mill |
| 5:49 | Create | Villager (Male) |
| 5:56 | Create | Villager (Male) |
| 5:57 | Create | Villager (Male) |
| 6:03 | Create | Villager (Male) |
| 6:03 | Create | Villager (Male) |
| 6:03 | Create | Villager (Male) |
| 6:13 | Create | Villager (Male) |
| 6:38 | Create | Villager (Male) |
| 6:39 | Create | Villager (Male) |
| 7:26 | Build | House |
| 7:29 | Create | Villager (Male) |
| 8:09 | Build | Palisade Gate |
| 8:11 | Build | Palisade Wall |
| 8:22 | Create | Villager (Male) |
| 8:22 | Create | Villager (Male) |
| 8:22 | Create | Villager (Male) |
| 8:22 | Create | Villager (Male) |
| 8:44 | Create | Villager (Male) |
| 8:59 | Research | Feudal Age |
| 9:08 | Build | Mining Camp |
| 9:43 | Build | House |
| 9:51 | Create | Villager (Male) |
| 11:14 | Research | Loom |
| 11:21 | Build | Market |
| 11:25 | Build | Blacksmith |
| 12:01 | Build | House |
| 12:17 | Create | Villager (Male) |
| 12:32 | Build | Mining Camp |
| 12:46 | Create | Villager (Male) |
| 12:50 | Build | Stone Wall |
| 13:07 | Research | Castle Age |
| 13:13 | Build | Building 487 |
| 13:20 | Research | Horse Collar |
| 14:56 | Create | Villager (Male) |
| 15:03 | Build | Stone Wall |
| 15:05 | Build | Stone Wall |
| 15:07 | Build | Stone Wall |
| 15:14 | Build | Stone Wall |
| 15:24 | Build | Stone Wall |
| 15:40 | Build | Stone Wall |
| 15:41 | Build | Stone Wall |
| 15:42 | Create | Villager (Male) |
| 15:47 | Build | Farm |
| 15:47 | Build | Farm |
| 15:50 | Build | Farm |
| 15:50 | Build | Farm |
| 15:51 | Build | Farm |
| 15:52 | Build | Farm |
| 15:59 | Build | Stone Wall |
| 16:05 | Build | Stone Wall |
| 16:09 | Build | Stone Wall |
| 16:35 | Build | Castle |
| 16:40 | Build | Stone Wall |
| 16:42 | Build | Stone Wall |
| 16:44 | Build | Stone Wall |
| 16:47 | Build | Stone Wall |
| 17:01 | Create | Villager (Male) |
| 17:03 | Build | Farm |
| 17:04 | Build | Farm |
| 17:11 | Build | Farm |
| 17:11 | Build | Farm |
| 17:19 | Build | Town Center |
| 17:28 | Create | Villager (Male) |
| 17:30 | Build | Farm |
| 17:35 | Research | Double-Bit Axe |
| 17:40 | Build | Outpost |
| 17:45 | Build | Farm |
| 18:18 | Build | House |
| 18:21 | Research | Town Watch |
| 18:29 | Create | Villager (Male) |
| 18:41 | Create | Villager (Male) |
| 18:52 | Build | Town Center |
| 18:59 | Create | Petard |
| 19:11 | Create | Villager (Male) |
| 19:17 | Build | Farm |
| 19:23 | Build | Stone Wall |
| 19:25 | Create | Villager (Male) |
| 19:35 | Build | Lumber Camp |
| 19:36 | Create | Villager (Male) |
| 19:57 | Create | Petard |
| 20:13 | Create | Villager (Male) |
| 20:23 | Create | Hussite Wagon |
| 20:23 | Create | Hussite Wagon |
| 20:50 | Create | Villager (Male) |
| 20:50 | Create | Villager (Male) |
| 20:51 | Create | Villager (Male) |
| 20:56 | Create | Hussite Wagon |
| 21:04 | Create | Villager (Male) |
Build order — Brasidas
106 actions detected in the replay
| 0:01 | Create | Villager (Male) |
| 0:01 | Create | Villager (Male) |
| 0:01 | Create | Villager (Male) |
| 0:02 | Create | Villager (Male) |
| 0:05 | Research | Loom |
| 0:06 | Research | Loom |
| 0:07 | Build | House |
| 0:09 | Build | House |
| 0:09 | Create | Villager (Male) |
| 0:09 | Create | Villager (Male) |
| 0:10 | Create | Villager (Male) |
| 0:59 | Build | Palisade Wall |
| 1:52 | Create | Villager (Male) |
| 1:52 | Create | Villager (Male) |
| 2:21 | Build | House |
| 2:29 | Create | Villager (Male) |
| 2:29 | Create | Villager (Male) |
| 3:39 | Build | Building 796 |
| 3:53 | Build | Palisade Wall |
| 3:57 | Create | Villager (Male) |
| 3:58 | Create | Villager (Male) |
| 4:29 | Create | Villager (Male) |
| 4:29 | Create | Villager (Male) |
| 4:53 | Build | Building 796 |
| 5:08 | Create | Villager (Male) |
| 5:08 | Create | Villager (Male) |
| 5:38 | Create | Villager (Male) |
| 5:39 | Create | Villager (Male) |
| 5:44 | Build | Palisade Wall |
| 5:46 | Build | Palisade Wall |
| 6:08 | Build | House |
| 6:16 | Create | Villager (Male) |
| 6:16 | Create | Villager (Male) |
| 6:57 | Build | Palisade Wall |
| 6:59 | Build | Palisade Wall |
| 7:02 | Build | Palisade Wall |
| 7:07 | Create | Villager (Male) |
| 7:07 | Create | Villager (Male) |
| 7:55 | Create | Villager (Male) |
| 7:55 | Create | Villager (Male) |
| 7:55 | Create | Villager (Male) |
| 7:56 | Create | Villager (Male) |
| 8:29 | Build | Lumber Camp |
| 8:38 | Create | Villager (Male) |
| 8:38 | Create | Villager (Male) |
| 8:38 | Create | Villager (Male) |
| 9:36 | Build | House |
| 9:44 | Create | Villager (Male) |
| 10:05 | Create | Villager (Male) |
| 10:24 | Build | Palisade Wall |
| 10:25 | Build | Palisade Wall |
| 10:26 | Build | Palisade Wall |
| 10:27 | Build | Palisade Wall |
| 10:28 | Build | Palisade Wall |
| 10:30 | Build | Palisade Wall |
| 10:33 | Build | Palisade Wall |
| 10:38 | Create | Villager (Male) |
| 10:42 | Build | Mill |
| 11:15 | Create | Villager (Male) |
| 11:17 | Create | Villager (Male) |
| 11:24 | Build | Palisade Wall |
| 11:27 | Build | Palisade Wall |
| 11:30 | Create | Villager (Male) |
| 11:59 | Build | Mining Camp |
| 12:06 | Build | House |
| 12:14 | Build | Farm |
| 12:32 | Create | Villager (Male) |
| 12:55 | Create | Villager (Male) |
| 13:08 | Create | Villager (Male) |
| 13:29 | Build | Barracks |
| 13:35 | Build | Farm |
| 13:38 | Research | Feudal Age |
| 13:38 | Research | Feudal Age |
| 14:10 | Create | Villager (Male) |
| 15:09 | Build | Mill |
| 15:40 | Build | House |
| 15:58 | Age | Feudal Age |
| 16:05 | Build | Archery Range |
| 16:08 | Build | Archery Range |
| 16:24 | Build | Watch Tower |
| 16:28 | Create | Villager (Male) |
| 16:29 | Create | Villager (Male) |
| 16:29 | Create | Villager (Male) |
| 16:58 | Build | Stone Wall |
| 17:05 | Create | Villager (Male) |
| 17:14 | Build | Market |
| 17:27 | Create | Villager (Male) |
| 17:38 | Create | Villager (Male) |
| 17:50 | Create | Archer |
| 18:22 | Create | Villager (Male) |
| 18:22 | Create | Villager (Male) |
| 18:23 | Create | Villager (Male) |
| 18:40 | Build | Blacksmith |
| 18:50 | Build | Stone Wall |
| 19:32 | Research | Castle Age |
| 19:32 | Research | Castle Age |
| 19:49 | Create | Archer |
| 20:01 | Build | Mining Camp |
| 20:14 | Create | Archer |
| 20:20 | Build | House |
| 20:23 | Build | House |
| 20:35 | Research | Gold Mining |
| 20:35 | Research | Gold Mining |
| 21:14 | Build | Farm |
| 21:15 | Build | Farm |
| 21:21 | Create | Archer |
Build order — JC Shoker
82 actions detected in the replay
| 0:02 | Research | Loom |
| 1:20 | Create | Villager (Male) |
| 2:17 | Build | Palisade Wall |
| 2:21 | Build | House |
| 2:29 | Create | Villager (Male) |
| 2:58 | Create | Villager (Male) |
| 3:23 | Build | Palisade Wall |
| 4:21 | Build | Palisade Wall |
| 5:27 | Build | Palisade Wall |
| 5:28 | Build | Palisade Wall |
| 5:30 | Create | Villager (Male) |
| 5:30 | Create | Villager (Male) |
| 6:22 | Create | Villager (Male) |
| 7:00 | Create | Villager (Male) |
| 7:36 | Create | Villager (Male) |
| 8:26 | Build | Palisade Wall |
| 8:27 | Build | Palisade Wall |
| 8:28 | Build | Palisade Wall |
| 8:57 | Create | Villager (Male) |
| 9:18 | Create | Villager (Male) |
| 9:18 | Create | Villager (Male) |
| 9:34 | Create | Villager (Male) |
| 9:52 | Create | Villager (Male) |
| 9:52 | Create | Villager (Male) |
| 10:37 | Create | Villager (Male) |
| 10:38 | Create | Villager (Male) |
| 10:38 | Create | Villager (Male) |
| 10:59 | Build | Palisade Wall |
| 11:06 | Create | Villager (Male) |
| 11:06 | Create | Villager (Male) |
| 11:20 | Create | Villager (Male) |
| 12:07 | Create | Villager (Male) |
| 12:08 | Create | Villager (Male) |
| 12:18 | Create | Villager (Male) |
| 12:54 | Build | House |
| 13:00 | Build | House |
| 13:31 | Create | Villager (Male) |
| 13:31 | Create | Villager (Male) |
| 13:31 | Create | Villager (Male) |
| 13:32 | Create | Villager (Male) |
| 13:50 | Build | Mill |
| 13:57 | Build | Palisade Wall |
| 14:13 | Create | Villager (Male) |
| 14:13 | Create | Villager (Male) |
| 14:13 | Create | Villager (Male) |
| 14:14 | Create | Villager (Male) |
| 14:14 | Create | Villager (Male) |
| 14:27 | Create | Villager (Male) |
| 14:41 | Build | Palisade Wall |
| 14:56 | Create | Villager (Male) |
| 15:05 | Build | House |
| 15:07 | Build | House |
| 15:54 | Create | Villager (Male) |
| 15:55 | Create | Villager (Male) |
| 15:55 | Create | Villager (Male) |
| 15:55 | Create | Villager (Male) |
| 16:00 | Create | Villager (Male) |
| 16:01 | Create | Villager (Male) |
| 16:06 | Build | Lumber Camp |
| 16:28 | Create | Villager (Male) |
| 16:58 | Build | Mining Camp |
| 16:59 | Create | Villager (Male) |
| 17:02 | Research | Feudal Age |
| 17:15 | Build | Lumber Camp |
| 17:43 | Create | Villager (Male) |
| 17:50 | Build | Palisade Wall |
| 17:58 | Build | Palisade Wall |
| 18:46 | Create | Villager (Male) |
| 19:50 | Create | Villager (Male) |
| 20:01 | Build | Farm |
| 20:01 | Build | Farm |
| 20:01 | Build | Farm |
| 20:03 | Build | Farm |
| 20:03 | Build | Farm |
| 20:03 | Build | Farm |
| 20:04 | Build | Farm |
| 20:04 | Build | Farm |
| 20:04 | Build | Farm |
| 20:04 | Build | Farm |
| 20:05 | Build | Farm |
| 20:26 | Build | House |
| 20:27 | Build | House |
Build order — ✪ Andrew0w
97 actions detected in the replay
| 0:01 | Create | Villager (Male) |
| 0:01 | Create | Villager (Male) |
| 0:02 | Build | House |
| 0:03 | Build | House |
| 0:32 | Create | Villager (Male) |
| 0:32 | Create | Villager (Male) |
| 1:31 | Create | Villager (Male) |
| 1:45 | Build | Lumber Camp |
| 2:03 | Create | Villager (Male) |
| 2:03 | Create | Villager (Male) |
| 2:25 | Create | Villager (Male) |
| 3:06 | Create | Villager (Male) |
| 3:29 | Create | Villager (Male) |
| 3:46 | Create | Villager (Male) |
| 3:59 | Create | Villager (Male) |
| 4:06 | Build | House |
| 4:09 | Build | Mill |
| 4:53 | Create | Villager (Male) |
| 4:53 | Create | Villager (Male) |
| 5:18 | Research | Loom |
| 5:40 | Create | Villager (Male) |
| 5:50 | Build | House |
| 5:56 | Create | Villager (Male) |
| 6:26 | Create | Villager (Male) |
| 6:49 | Create | Villager (Male) |
| 7:07 | Create | Villager (Male) |
| 7:07 | Create | Villager (Male) |
| 7:15 | Create | Villager (Male) |
| 7:15 | Create | Villager (Male) |
| 8:41 | Build | Mining Camp |
| 9:07 | Research | Feudal Age |
| 9:45 | Build | Barracks |
| 9:52 | Create | Villager (Male) |
| 9:53 | Create | Villager (Male) |
| 10:50 | Build | House |
| 11:17 | Age | Feudal Age |
| 11:18 | Build | Stable |
| 11:24 | Research | Horse Collar |
| 11:27 | Research | Double-Bit Axe |
| 12:08 | Create | Villager (Male) |
| 12:16 | Build | Blacksmith |
| 12:27 | Create | Villager (Male) |
| 13:00 | Build | Mill |
| 13:31 | Build | Farm |
| 13:32 | Build | Farm |
| 13:32 | Build | Farm |
| 13:33 | Build | Farm |
| 13:58 | Build | Farm |
| 14:09 | Research | Castle Age |
| 14:09 | Research | Castle Age |
| 14:54 | Build | Farm |
| 14:55 | Build | Farm |
| 15:13 | Research | Bloodlines |
| 15:37 | Research | Scale Barding Armor |
| 16:27 | Create | Villager (Male) |
| 16:28 | Create | Villager (Male) |
| 16:49 | Age | Castle Age |
| 16:50 | Create | Camel Scout |
| 16:50 | Create | Camel Scout |
| 16:55 | Build | Town Center |
| 17:21 | Build | Farm |
| 17:26 | Build | House |
| 17:28 | Build | House |
| 17:29 | Build | House |
| 17:38 | Create | Camel Scout |
| 18:02 | Create | Camel Scout |
| 18:03 | Create | Villager (Male) |
| 18:38 | Create | Scout Cavalry |
| 18:42 | Create | Camel Scout |
| 18:43 | Create | Villager (Male) |
| 18:43 | Create | Villager (Male) |
| 18:43 | Create | Villager (Male) |
| 18:49 | Build | House |
| 18:56 | Build | Farm |
| 18:58 | Build | Farm |
| 19:09 | Create | Villager (Male) |
| 19:10 | Build | Farm |
| 19:15 | Build | Farm |
| 19:20 | Build | Farm |
| 19:21 | Build | Farm |
| 19:21 | Build | Farm |
| 19:31 | Create | Villager (Male) |
| 19:32 | Create | Villager (Male) |
| 19:39 | Create | Camel Scout |
| 19:53 | Create | Villager (Male) |
| 19:57 | Build | Farm |
| 19:59 | Create | Villager (Male) |
| 20:12 | Create | Camel Scout |
| 20:35 | Create | Villager (Male) |
| 20:35 | Create | Villager (Male) |
| 20:37 | Build | Farm |
| 20:50 | Create | Camel Scout |
| 20:55 | Create | Villager (Male) |
| 20:56 | Create | Villager (Male) |
| 21:08 | Build | Town Center |
| 21:10 | Create | Villager (Male) |
| 21:16 | Build | Farm |
Match timeline
| 0:59 | Brasidas · wall_segment Palisade Wall x11 |
| 1:00 | WraTH_27 · wall_segment Palisade Wall x11 |
| 1:21 | LDESS | César · wall_segment Palisade Wall x12 |
| 2:17 | JC Shoker · wall_segment Palisade Wall x7 |
| 3:10 | WraTH_27 · wall_segment Palisade Wall x11 |
| 3:23 | JC Shoker · wall_segment Palisade Wall x1 |
| 3:53 | Brasidas · wall_segment Palisade Wall x1 |
| 4:21 | JC Shoker · wall_segment Palisade Wall x1 |
| 5:27 | JC Shoker · wall_segment Palisade Wall x1 |
| 5:28 | JC Shoker · wall_segment Palisade Wall x1 |
| 5:44 | Brasidas · wall_segment Palisade Wall x4 |
| 5:46 | Brasidas · wall_segment Palisade Wall x7 |
| 6:57 | Brasidas · wall_segment Palisade Wall x1 |
| 6:59 | Brasidas · wall_segment Palisade Wall x2 |
| 7:02 | Brasidas · wall_segment Palisade Wall x1 |
| 7:20 | LDESS | César · wall_segment Palisade Wall x13 |
| 8:11 | WraTH_27 · wall_segment Palisade Wall x1 |
| 8:11 | CoterLee · wall_segment Palisade Wall x6 |
| 8:26 | JC Shoker · wall_segment Palisade Wall x1 |
| 8:27 | JC Shoker · wall_segment Palisade Wall x1 |
| 8:28 | JC Shoker · wall_segment Palisade Wall x1 |
| 9:07 | WraTH_27 · wall_segment Palisade Wall x1 |
| 9:26 | Vatatzes · first_building Barracks |
| 9:45 | ✪ Andrew0w · first_building Barracks |
| 10:01 | WraTH_27 · wall_segment Palisade Wall x11 |
| 10:08 | Vatatzes · age_up feudal |
| 10:24 | Brasidas · wall_segment Palisade Wall x1 |
| 10:25 | Brasidas · wall_segment Palisade Wall x1 |
| 10:26 | Brasidas · wall_segment Palisade Wall x1 |
| 10:27 | Brasidas · wall_segment Palisade Wall x1 |
| 10:28 | Brasidas · wall_segment Palisade Wall x1 |
| 10:30 | Brasidas · wall_segment Palisade Wall x1 |
| 10:33 | Brasidas · wall_segment Palisade Wall x1 |
| 10:37 | WraTH_27 · wall_segment Palisade Wall x1 |
| 10:39 | WraTH_27 · wall_segment Palisade Wall x1 |
| 10:59 | JC Shoker · wall_segment Palisade Wall x12 |
| 11:08 | Vatatzes · first_building Stable |
| 11:17 | ✪ Andrew0w · age_up feudal |
| 11:18 | ✪ Andrew0w · first_building Stable |
| 11:24 | Brasidas · wall_segment Palisade Wall x1 |
| 11:25 | Estómago · age_up feudal |
| 11:27 | Brasidas · wall_segment Palisade Wall x1 |
| 11:33 | WraTH_27 · wall_segment Palisade Wall x1 |
| 11:35 | WraTH_27 · wall_segment Palisade Wall x6 |
| 12:27 | WraTH_27 · age_up feudal |
| 12:29 | WraTH_27 · first_building Barracks |
| 12:50 | CoterLee · wall_segment Stone Wall x1 |
| 13:13 | WraTH_27 · first_building Archery Range |
| 13:29 | Brasidas · first_building Barracks |
| 13:43 | LDESS | César · wall_segment Palisade Wall x12 |
| 13:57 | JC Shoker · wall_segment Palisade Wall x1 |
| 14:07 | Estómago · age_up castle |
| 14:41 | JC Shoker · wall_segment Palisade Wall x1 |
| 15:03 | CoterLee · wall_segment Stone Wall x1 |
| 15:05 | CoterLee · wall_segment Stone Wall x1 |
| 15:07 | CoterLee · wall_segment Stone Wall x1 |
| 15:10 | LDESS | César · wall_segment Palisade Wall x1 |
| 15:14 | CoterLee · wall_segment Stone Wall x1 |
| 15:24 | CoterLee · wall_segment Stone Wall x1 |
| 15:26 | LDESS | César · age_up feudal |
| 15:38 | LDESS | César · wall_segment Stone Wall x4 |
| 15:40 | CoterLee · wall_segment Stone Wall x1 |
| 15:40 | LDESS | César · wall_segment Stone Wall x11 |
| 15:41 | CoterLee · wall_segment Stone Wall x1 |
| 15:58 | Brasidas · age_up feudal |
| 15:59 | CoterLee · wall_segment Stone Wall x1 |
| 16:05 | Brasidas · first_building Archery Range |
| 16:05 | CoterLee · wall_segment Stone Wall x1 |
| 16:09 | CoterLee · wall_segment Stone Wall x1 |
| 16:14 | WraTH_27 · wall_segment Palisade Wall x1 |
| 16:15 | WraTH_27 · wall_segment Palisade Wall x1 |
| 16:24 | WraTH_27 · wall_segment Palisade Wall x1 |
| 16:35 | CoterLee · first_building Castle |
| 16:40 | CoterLee · wall_segment Stone Wall x1 |
| 16:42 | CoterLee · wall_segment Stone Wall x1 |
| 16:44 | CoterLee · wall_segment Stone Wall x1 |
| 16:44 | WraTH_27 · wall_segment Stone Wall x13 |
| 16:47 | CoterLee · wall_segment Stone Wall x1 |
| 16:49 | ✪ Andrew0w · age_up castle |
| 16:58 | Brasidas · wall_segment Stone Wall x14 |
| 17:45 | Estómago · first_building Stable |
| 17:48 | LDESS | César · wall_segment Stone Wall x4 |
| 17:50 | JC Shoker · wall_segment Palisade Wall x1 |
| 17:58 | JC Shoker · wall_segment Palisade Wall x1 |
| 18:12 | Brasidas · first_market_sell 100 stone |
| 18:16 | Brasidas · first_market_buy 100 food |
| 18:50 | Brasidas · wall_segment Stone Wall x13 |
| 18:54 | LDESS | César · resign |
| 19:23 | CoterLee · wall_segment Stone Wall x12 |
| 20:51 | WraTH_27 · first_market_buy 100 food |
| 20:52 | WraTH_27 · first_market_sell 100 stone |
[ AI ANALYSIS · 1 CREDIT ]
What really happened in this match?
Wolo.gg analyzes every decision: build order, eco, micro, common mistakes by bracket. Personalized analysis on WhatsApp or Discord in 30 seconds.
Civ guide
Lithuanians
Perfil
Jugador #18745006